 Dungeon Crawl Stone Soup version 0.22-a0-570-g58866f5d57 (webtiles) character file.

200 Banto the Sneak (level 5, 0/31 HPs)
             Began as an Octopode Earth Elementalist on June 30, 2018.
             Slain by Grinder (1 damage)
             ... on level 3 of the Dungeon.
             The game lasted 00:03:22 (2826 turns).

Banto the Sneak (Octopode Earth Elementalist)       Turns: 2826, Time: 00:03:23

Health: 0/31       AC:  1    Str:  7    XL:     5   Next: 79%
Magic:  6/8        EV: 14    Int: 24    God:
Gold:   83         SH:  0    Dex: 17    Spells: 1/8 levels left

rFire    . . .     SeeInvis .   k - +0 dagger
rCold    . . .     Gourm    +   (no shield)
rNeg     . . .     Faith    .   (helmet restricted)
rPois    .         Spirit   .   e - amulet of the gourmand
rElec    .         Reflect  .   h - +5 ring of dexterity
rCorr    .         Harm     .   (no ring)
MR       .....                  (no ring)
Stlth    ++++......             (no ring)
HPRegen  0.10/turn              (no ring)
MPRegen  0.11/turn              (no ring)
                                (no ring)
                                (no ring)

@: brilliant
A: almost no armour, stealthy swim, amphibious, 8 rings, constrict 8, camouflage
1, gelatinous body 1
a: no special abilities


You were on level 3 of the Dungeon.
You were completely stuffed.

You visited 1 branch of the dungeon, and saw 3 of its levels.

You collected 83 gold pieces.

Inventory:

Hand Weapons
 k - a +0 dagger (weapon)
Missiles
 b - 29 stones (quivered)
Jewellery
 e - an amulet of the gourmand (around mantle)
 h - a +5 ring of dexterity (left tentacle)
Scrolls
 a - a scroll of blinking
 d - 6 scrolls of fog {unknown}
 f - 4 scrolls of identify {unknown}
 g - a scroll of magic mapping {unknown}
 j - 2 scrolls of teleportation {unknown}
 m - a scroll of remove curse {unknown}
Comestibles
 c - 2 rations
 n - a chunk of flesh


   Skills:
 - Level 2.0 Dodging
 + Level 6.1 Stealth
 - Level 2.0 Spellcasting
 - Level 1.0 Transmutations
 + Level 4.9 Earth Magic


You had one spell level left.
You knew the following spells:

 Your Spells              Type           Power        Failure   Level  Hunger
a - Sandblast             Erth           #####.       1%          1    #......
b - Passwall              Tmut/Erth      ####....     1%          2    ##.....
c - Petrify               Tmut/Erth      ####....     4%          4    #####..

Your spell library contained the following spells:

 Spells                   Type           Power        Failure   Level  Hunger
 Stone Arrow              Conj/Erth      ####..       1%          3    ###....
 Lee's Rapid Deconstruct  Erth           #####.....   5%          5    ######.


Dungeon Overview and Level Annotations

Branches:
Dungeon (3/15)

Altars:
Okawaru

Annotations:
D:2 Sigmund
D:3 Grinder, Robin


Innate Abilities, Weirdness & Mutations

You cannot wear most types of armour.
You are very stealthy in the water. (Stealth+)
You are amphibious.
You can wear up to eight rings at the same time.
You can use your tentacles to constrict eight enemies at once.
Your skin changes colour to match your surroundings (Stealth+).
Your rubbery body absorbs attacks. (AC +1, EV +1)


Message History

Confirm with . or Enter, or press ? or * to list all spells.
Aiming: Sandblast (safe; 2% risk of failure)
Press: ? - help, Shift-Dir - straight line, f/p - Grinder
Aim: Grinder The blast of sand hits Grinder.
Grinder is lightly wounded.
b - 29 stones Grinder hits you.
* * * LOW HITPOINT WARNING * * *
You writhe in agony.
* * * LOW HITPOINT WARNING * * *
You take 3 damage, and have 1/31 hp.
You now have 5/8 mp.
It was a potion of brilliance.
You feel clever all of a sudden. Grinder gestures at you.
You resist with significant effort.
It was a potion of curing.
You feel better. Grinder hits you!
* * * LOW HITPOINT WARNING * * *
You writhe in agony.
You die...

....####......####....######## #.
..####....>.....####.........# #.
.........####........#######.###.
.######### ##.....### #..##. .
#.....# ##.##. . #.....# #.##. .
###+#.# #.##. . #5#.# #..#. .
#@#+####### ##.#. #.........#
#.#. #.........# #...
#.....รท...# ##.. #.........#
####). ............# #...#.
............###.#.#.
...............#.#.#.
..............##.#.#.


You could see Grinder.

Vanquished Creatures
  Natasha (thrice) (D:3)
  A worker ant zombie (D:3)
  5 adders
  An ooze (D:2)
  2 worms (D:2)
  A dart slug (D:1)
  A leopard gecko (D:1)
  6 bats
  2 giant cockroaches
  14 goblins
  4 hobgoblins
  3 quokkas
  5 frilled lizards
  4 kobolds
  12 rats
64 creatures vanquished.

Notes
Turn   | Place    | Note
-------+----------+-------------------------------------------
     0 | D:1      | Banto the Octopode Earth Elementalist began the quest for the Orb.
     0 | D:1      | Reached XP level 1. HP: 11/11 MP: 3/3
    12 | D:1      | Reached skill level 3 in Stealth
   137 | D:1      | Reached XP level 2. HP: 10/17 MP: 1/5
   678 | D:1      | Reached XP level 3. HP: 20/21 MP: 6/6
   859 | D:2      | Noticed Sigmund
   866 | D:1      | Reached skill level 4 in Stealth
  1014 | D:1      | Learned a level 2 spell: Passwall
  1843 | D:2      | Reached XP level 4. HP: 27/27 MP: 7/7
  2224 | D:3      | Found an iron altar of Okawaru.
  2242 | D:3      | Noticed Natasha
  2247 | D:3      | Killed Natasha
  2247 | D:3      | Reached skill level 5 in Stealth
  2280 | D:3      | Reached XP level 5. HP: 24/31 MP: 8/8
  2453 | D:3      | Noticed Robin
  2578 | D:3      | Learned a level 4 spell: Petrify
  2603 | D:3      | Noticed Natasha
  2607 | D:3      | Killed Natasha
  2805 | D:3      | Noticed Natasha
  2810 | D:3      | Killed Natasha
  2810 | D:3      | Reached skill level 6 in Stealth
  2821 | D:3      | Noticed Grinder
  2824 | D:3      | HP: 1/31 [Grinder (1)]
  2826 | D:3      | Slain by Grinder

Vault maps used:
D:1:      dpeg_arrival_stonehenge_8_columns
D:2:      minmay_misc_feat_enclosed, uniq_sigmund
D:3:      chequers_ecumenical_altar_simple, minmay_misc_feat_x, okawaru_trees_1,
          uniq_robin, uniq_grinder, uniq_natasha

Skill      XL: |  1  2  3  4  5 |
---------------+----------------+-----
Stealth        | 3 4 5 6 |  6.1
Earth Magic    | 4 |  4.9
Dodging        | |  2.0
Spellcasting   | |  2.0
Transmutations | |  1.0

Action                   |  1- 3 |  4- 6 || total
-------------------------+-------+-------++-------
Melee: Unarmed           |    27 |       ||    27
       Constrict         |    18 |     7 ||    25
       Dagger            |    40 |    25 ||    65
       Tentacles         |     7 |     3 ||    10
 Cast: Sandblast         |    13 |    17 ||    30
  Use: Scroll            |     1 |       ||     1
       Potion            |       |     2 ||     2
 Stab: Sleeping          |    16 |     8 ||    24
  Eat: Chunk             |    11 |     5 ||    16
Armor: Skin              |     9 |       ||     9
Dodge: Dodged            |    28 |     9 ||    37

Table legend:
 A = Spawn XP
 B = Non-spawn XP
 C = Spawn XP percentage of total XP
 D = Spawn monster count
 E = Non-spawn monster count
 F = Spawn count percentage of total count
 G = Total turns spent on level
                    A         B        C        D         E        F      G
               +---------+---------+-------+---------+---------+-------+---------
         Total |       0 |     287 |   0.0 |       0 |      64 |   0.0 |  2826
               +---------+---------+-------+---------+---------+-------+---------
           D:1 |       0 |      41 |   0.0 |       0 |      25 |   0.0 |  1083
           D:2 |       0 |      61 |   0.0 |       0 |      18 |   0.0 |  1120
           D:3 |       0 |     185 |   0.0 |       0 |      21 |   0.0 |   623
               +---------+---------+-------+---------+---------+-------+---------

Table legend:
 A = Turns spent in this place as a percentage of turns spent in the entire game.
 B = Non-inter-level travel turns spent in this place as a percentage of non-inter-level travel turns spent in the entire game.
 C = Inter-level travel turns spent in this place as a percentage of turns spent in this place.
 D = Turns resting spent in this place as a percentage of non-inter-level travel turns spent in this place.
 E = Turns spent auto-exploring this place as a percentage of non-inter-level travel turns spent in this place.
 F = Non-inter-level travel turns spent in this place divided by the number of levels of this place that you've seen.
                   A       B       C       D       E      F
               +-------+-------+-------+-------+-------+----------------------
         Total | 100.0 | 100.0 |   6.5 |  37.4 |  39.8 | 880.3
       Dungeon | 100.0 | 100.0 |   6.5 |  37.4 |  39.8 | 880.3
               +-------+-------+-------+-------+-------+----------------------

Table legend:
 A = Kills in this place as a percentage of kills in entire the game.
 B = Kills by you in this place as a percentage of kills by you in the entire game.
 C = Kills by friends in this place as a percentage of kills by friends in the entire game.
 D = Other kills in this place as a percentage of other kills in the entire game.
 E = Experience gained in this place as a percentage of experience gained in the entire game.
 F = Experience gained in this place divided by the number of levels of this place that you have seen.
                   A       B       C       D       E      F
               +-------+-------+-------+-------+-------+----------------------
         Total | 100.0 | 100.0 |   N/A |   N/A | 100.0 |  95.7
       Dungeon | 100.0 | 100.0 |   N/A |   N/A | 100.0 |  95.7
               +-------+-------+-------+-------+-------+----------------------
